[Event "Marshall Masters September 2024"]
[Site "New York"]
[Date "2024.09.20"]
[Round "1.1"]
[White "Ayyappan, Santhosh"]
[Black "Tang, Andrew"]
[Result "0-1"]
[ECO "D59"]
[WhiteElo "2014"]
[BlackElo "2524"]
[Annotator "TA"]
[PlyCount "138"]
[EventDate "2024.09.20"]
[EventCountry "USA"]
[SourceTitle "playchess.com"]
[Source "ChessBase"]
[SourceQuality "1"]
[TimeMode "Bronstein"]
[TimeControl "1500+5"]

1. d4 d5 2. c4 e6 3. Nc3 Be7 4. Nf3 Nf6 5. Bg5 h6 6. Bh4 O-O 7. e3 b6 8. cxd5 Nxd5 9. Bxe7 Qxe7 10. Be2 Bb7 11. O-O Nd7 12. Qd2 c5 13. Rfd1 Rac8 14. Rac1 Nxc3 15. bxc3 cxd4 16. cxd4 Qa3 17. Bc4 Nf6 18. Qd3 Qa5 19. Ne5 Rc7 $1 20. Qb3 Nd5 (20... Rfc8 $17 {[%cal Ob6b5] Strongly threatening ...b5!} 21. Rc2 (21. Nxf7 b5 $17) 21... b5 22. Bxe6 fxe6 (22... Rxc2 $2 23. Bxc8 Rc7 24. Bxb7 $18) 23. Qxe6+ Kh7 24. Qf5+ Kh8 (24... Kg8 25. Qe6+ Kh7 26. Qf5+ Kh8 27. Ng6+ Kg8 28. Rxc7 $17) 25. Ng6+ Kg8 26. Rxc7 Qxc7 27. Qxb5 Qc2) 21. e4 Rfc8 $1 (21... Nf4 $2 22. Qf3 $18) 22. exd5 (22. Rc2 $15 b5 23. Bxd5 (23. exd5 $2 bxc4 24. Qg3 Bxd5 $19) 23... exd5 24. Rxc7 Rxc7 25. h4 (25. exd5 $2 Rc3 $19)) 22... exd5 $17 23. Qg3 (23. Nxf7 $2 dxc4 24. Nxh6+ gxh6 $19) 23... dxc4 24. Re1 (24. Ng4 $142) 24... c3 25. Ng4 Rc6 (25... Qxa2 $2 26. Nf6+ Kh8 27. Qxc7 (27. Ne8 f6 $18) 27... gxf6 28. Qxb7 $18) 26. Re7 (26. Qe5 $142) 26... Qg5 $19 27. Re3 c2 28. h4 Qd5 (28... Qd8 $19 29. Ne5 Rd6) 29. Rxc2 $17 Qxd4 (29... Rxc2 30. Nf6+ (30. Nxh6+ $2 {perishes.} Kf8 $19) 30... Kh8 31. Nxd5 Bxd5 32. a3 $14) 30. Nxh6+ Rxh6 31. Rxc8+ Bxc8 32. Re8+ Kh7 33. Rxc8 Rxh4 ({Don't do} 33... Qxh4 34. Qxh4 Rxh4 35. Rc7 $17) 34. Rc1 g6 35. Qf3 Rf4 36. Qh3+ Kg7 37. Qc3 b5 38. g3 Re4 39. Qxd4+ Rxd4 40. Rb1 (40. a3 $17 {was necessary.}) 40... b4 $19 41. Kg2 a5 42. Rb2 Rd3 43. Kf1 Kf6 44. Ke2 Rc3 45. Rd2 Ke5 46. Kd1 f6 47. Re2+ Kd5 48. Re8 Ra3 49. Rd8+ $2 (49. Re2) 49... Ke4 $19 50. Rd2 Kf3 (50... Rd3 $142 51. g4 Rxd2+ 52. Kxd2 a4) 51. Ke1 Kg2 52. Ke2 f5 53. Rc2 g5 54. Rd2 f4 55. gxf4 gxf4 56. Rc2 f3+ 57. Ke1 Rc3 58. Rb2 Rc8 59. Kd1 Rd8+ 60. Ke1 Rh8 61. Rc2 Rh1+ 62. Kd2 Kxf2 63. Kd3+ Kg3 64. Rc8 Rd1+ 65. Ke3 Re1+ 66. Kd2 f2 67. Rg8+ Kh4 68. Rh8+ Kg5 69. Rg8+ Kh6 0-1

[Event "Marshall Masters September 2024"]
[Site "New York"]
[Date "2024.09.20"]
[Round "1.2"]
[White "Paragua, Mark"]
[Black "Rand, Steven J"]
[Result "1-0"]
[ECO "B14"]
[WhiteElo "2454"]
[BlackElo "1978"]
[Annotator "TA"]
[PlyCount "83"]
[EventDate "2024.09.20"]
[EventCountry "USA"]
[SourceTitle "playchess.com"]
[Source "ChessBase"]
[SourceQuality "1"]
[TimeMode "Bronstein"]
[TimeControl "1500+5"]

1. e4 c6 2. d4 d5 3. exd5 cxd5 4. c4 Nf6 5. Nc3 e6 6. c5 Be7 7. Bb5+ Bd7 8. Bxd7+ Nbxd7 9. b4 {[%emt 0:00:28] White has an edge.} O-O 10. Nf3 Ne4 11. Qc2 (11. Bb2 $11) 11... Nxc3 (11... a5 $1 $15 12. Nxe4 dxe4 13. Qxe4 axb4 14. Qxb7 Nxc5 15. dxc5 Bf6) 12. Qxc3 $11 Nf6 (12... a5 $11 {is more appropriate.}) 13. O-O $14 Ne4 14. Qd3 Bf6 15. Bf4 g6 16. Rab1 Bg7 17. Rfc1 g5 18. Bd2 g4 19. Ne5 Qh4 20. Be1 {[%emt 0:06:38] next f3 is good for White.} (20. Be3 $5) 20... Qg5 21. b5 Bxe5 22. dxe5 Qxe5 (22... Rac8 $11) 23. f3 $1 gxf3 24. gxf3 Nf6 ({Better is} 24... Ng5 $14) 25. Bc3 $36 {[%emt 0:00:27][%cal Be1c3,Bc3d2,Bd2g5][%mdl 3104] White has strong compensation. White is on the roll.} Qf4 {[%emt 0:00:00][%mdl 8192] [#]} (25... d4 $16 26. Qxd4 (26. Bxd4 Qf4 $18) 26... Qxd4+ 27. Bxd4 Nd5) 26. Kh1 $18 e5 (26... Kh8 $142 27. Re1 d4) 27. Rg1+ Kh8 28. Bd2 Qd4 29. Qxd4 (29. Qf5 Nh5 30. Bh6 (30. Qxh5 Qxd2 31. Qxe5+ f6 $18)) 29... exd4 30. Bg5 {[%emt 0:00:05] White is more active.} Nh5 (30... Ne8 {keeps fighting.} 31. Be7 Rg8) 31. Rbd1 f6 32. Bh6 Rg8 33. Rxd4 Rxg1+ 34. Kxg1 {[%emt 0:00:05][%mdl 4096] Endgame. KRB-KRN. Loses the game.} Rd8 (34... Ng7 35. Bxg7+ (35. Rxd5 Ne6 $18) 35... Kxg7 36. Rxd5 Kg8) 35. c6 bxc6 36. bxc6 Kg8 $2 (36... Rc8 37. c7 (37. Rxd5 Ng7 $18) 37... Ng7) 37. c7 {[%emt 0:00:05] White is clearly winning.} Rc8 38. Rxd5 {[%emt 0:00:05] [#] White threatens Rd8+ and mate.} Rxc7 39. Rxh5 Rc2 40. Ra5 Rc7 41. Be3 Rc3 42. Kf2 {[%emt 0:00:05] Weighted Error Value: White=0.29 (precise) /Black=0.58.  Loses game:     	---       	Black=1      Mistake:       	White=1     	Black=8      Inaccurate:     	White=4     	Black=2      OK:         	White=12    	Black=10     Best:        	White=1     	Black=1      Strong:       	White=1     	---} 1-0

[Event "Marshall Masters September 2024"]
[Site "New York"]
[Date "2024.09.20"]
[Round "1.3"]
[White "Thurlow, Ryan"]
[Black "Putnam, Liam"]
[Result "0-1"]
[ECO "D00"]
[WhiteElo "1920"]
[BlackElo "2398"]
[Annotator "TA"]
[PlyCount "70"]
[EventDate "2024.09.20"]
[EventCountry "USA"]
[SourceTitle "playchess.com"]
[Source "ChessBase"]
[SourceQuality "1"]
[TimeMode "Bronstein"]
[TimeControl "1500+5"]

1. d4 Nf6 2. Nc3 d5 3. Bf4 g6 4. e3 Bg7 5. h4 h5 6. Nf3 (6. Nb5 $5 Na6 $8 7. Nc3 $11) 6... O-O 7. Qd2 c5 8. Ne5 {[%emt 0:00:05] The position is equal.} Nc6 9. f3 {[%emt 0:00:05] Prevents Ng4} Nd7 10. Nxd7 Qxd7 (10... cxd4 {seems wilder.} 11. Nxf8 dxc3 12. bxc3 Qa5) 11. dxc5 e5 12. Bg3 Rd8 13. O-O-O Ne7 14. e4 d4 15. Nb5 b6 {[%emt 0:01:50] Prevents Qa5} 16. cxb6 {[%emt 0:01:41] Strongly threatening Nc7.} axb6 17. Na3 (17. Kb1 $14 {keeps the upper hand.}) 17... Qc7 $17 {[%emt 0:04:19][%mdl 1024] And now ...Be6 would win. Black has strong compensation.} 18. Kb1 (18. Nb5 $17 Qc5 (18... Rxa2 $2 19. Kb1 $18) 19. Kb1) 18... Be6 $19 19. Bb5 Qc5 20. Qd3 Nc6 {[%emt 0:01:59] Black has more active pieces.} ({Black should play} 20... Bf8 {[%cal Oa8a3] ...Rxa3! is the strong threat.} 21. Rc1 (21. Bc4 $2 Rxa3 22. Qxa3 Qxc4 $19) 21... Bh6) 21. Bxc6 $2 (21. c4 $17) 21... Qxc6 22. Be1 $2 (22. c3) 22... Bf8 23. Qb5 {[%emt 0:00:13] [#]} Bxa2+ $1 24. Kc1 Qc7 {[%emt 0:00:48][%cal Od8c8] ...Rdc8! would now be deadly.} 25. Bb4 Bh6+ 26. Bd2 Ra5 (26... Bc4 $142 27. Qb4 Bf8 (27... Bxd2+ $2 28. Kxd2 b5 29. Ra1 $19)) 27. Qd3 {[%emt 0:01:13] [#]} (27. Qxa5 $142 bxa5 28. Bxh6) 27... Bc4 $1 28. Bxh6 Bxd3 29. Rxd3 Rc8 {[%emt 0:00:12][%cal Oa5a3] White must now prevent ...Rxa3!} 30. Kb1 b5 {[%emt 0:00:06] Threatens to win with ...b4.} 31. c3 {[%emt 0:01:19] [#]} Rxa3 $1 {[%emt 0:00:18] Black mates.} 32. bxa3 (32. Kc2 Ra2) 32... Qc4 33. Rhd1 Qb3+ 34. Kc1 dxc3 35. Rd8+ Kh7 {[%emt 0:00:06] Weighted Error Value: White=0.93/Black=0.25 (precise) .  Loses game:     	White=1     	---        Mistake:       	White=3     	Black=1      Inaccurate:     	White=3     	Black=2      OK:         	White=8     	Black=4      Best:        	---       	Black=2} 0-1

[Event "Marshall Masters September 2024"]
[Site "New York"]
[Date "2024.09.20"]
[Round "1.5"]
[White "Hinson, Miles"]
[Black "Bonin, Jay"]
[Result "0-1"]
[ECO "B12"]
[WhiteElo "1977"]
[BlackElo "2129"]
[Annotator "RC"]
[PlyCount "91"]
[EventDate "2024.09.20"]
[EventCountry "USA"]
[SourceTitle "playchess.com"]
[Source "ChessBase"]
[SourceQuality "1"]
[TimeMode "Bronstein"]
[TimeControl "1500+5"]

1. e4 c6 2. d4 d5 3. e5 Bf5 4. Nd2 e6 5. Nb3 Nd7 6. Be3 Ne7 7. Nf3 Bg4 8. h3 Bxf3 9. Qxf3 Nf5 10. Be2 Nxe3 11. Qxe3 Be7 12. O-O O-O 13. f4 c5 14. c3 cxd4 15. cxd4 f6 16. exf6 Rxf6 17. Bg4 Nf8 18. Rae1 b6 19. Nc1 Rc8 20. Nd3 Bd6 21. Ne5 Rc7 22. Qb3 Bxe5 23. Rxe5 Rc4 24. Qe3 Qd6 25. a3 a5 26. Re1 Rc2 27. Qb3 Qc6 28. f5 exf5 29. Rxd5 Rxb2 30. Qxb2 Qxd5 31. Bf3 Qd6 32. Qb3+ Kh8 33. Qc3 h6 34. Kh1 Kh7 35. Re8 Re6 36. Rxe6 Nxe6 37. d5 Nc5 38. Qe3 b5 39. Qe8 b4 40. axb4 axb4 41. Bh5 Ne4 42. Bf7 Ng3+ 43. Kh2 Ne2+ 44. Kh1 Ng3+ 45. Kh2 g5 46. Bh5 0-1